 Dungeon Crawl Stone Soup version 0.21.1-1-g345015f (webtiles) character file.

3300 vatarom the Nimble (level 9, -1/80 HPs)
             Began as a Troll Monk on May 30, 2018.
             Succumbed to Amon001's ghost's poison
             ... on level 8 of the Dungeon.
             The game lasted 00:12:12 (6938 turns).

vatarom the Nimble (Troll Monk)                     Turns: 6938, Time: 00:12:13

Health: -1/80      AC:  5    Str: 21    XL:     9   Next: 70%
Magic:  8/8        EV: 15    Int: 11    God:
Gold:   402        SH:  0    Dex: 12    Spells: 8/8 levels left

rFire    + . .     SeeInvis .     - Unarmed
rCold    x . .     Gourm    +   (no shield)
rNeg     . . .     Faith    .   a - +0 robe
rPois    .         Spirit   .   (helmet restricted)
rElec    .         Reflect  .   (no cloak)
rCorr    .         Harm     +   (gloves unavailable)
MR       .....                  (boots unavailable)
Stlth    ++........             s - amulet of harm
HPRegen  0.63/turn              f - ring of fire
MPRegen  0.11/turn              (no ring)

@: lethally poisoned (-1 -> -32)
A: large, unfitting armour, claws 3, talons 1, clever 1, fast metabolism 3,
gourmand, high mp 1, regeneration 1, screaming 1, shaggy fur 1, tough skin 2
a: no special abilities


You were on level 8 of the Dungeon.
You were completely stuffed.

You visited 2 branches of the dungeon, and saw 9 of its levels.

You collected 402 gold pieces.

Inventory:

Missiles
 h - 2 throwing nets (quivered) {!f}
Armour
 a - a +0 robe (worn)
Jewellery
 f - a ring of fire (left claw)
 s - an amulet of harm (around neck)
Wands
 o - a wand of disintegration (16)
 p - a wand of flame (38)
Scrolls
 c - 7 scrolls of amnesia
 e - 2 scrolls of teleportation {@r3}
 j - a scroll of immolation
 l - 4 scrolls of remove curse {@r2}
 m - a scroll of fog
 n - 3 scrolls of enchant armour
 t - a scroll of blinking {@r4}
 u - 3 scrolls of enchant weapon
 v - a scroll of magic mapping
Potions
 d - a potion of flight
 g - 3 potions of resistance
 i - a potion of invisibility
 k - 2 potions of magic
 q - a potion of brilliance {@q6}
Books
 w - a book of Debilitation

   Spells                             Type                      Level
   a - Corona                         Hexes                        1
   b - Slow                           Hexes                        2
   c - Inner Flame                    Hexes/Fire                   3
   d - Portal Projectile              Hexes/Translocation          3
   e - Cause Fear                     Hexes                        4
   f - Leda's Liquefaction            Hexes/Earth                  4
Comestibles
 b - 17 rations {@e1}
 r - 3 chunks of flesh


   Skills:
 - Level 2.4 Fighting
 * Level 9.8 Dodging
 - Level 1.0 Stealth
 + Level 8.5 Unarmed Combat


You had 8 spell levels left.
You didn't know any spells.

Dungeon Overview and Level Annotations

Branches:
Dungeon (8/15)             Temple (1/1) D:5
   Lair: D:8-11

Altars:
Ashenzari
Cheibriados
Dithmenos
Elyvilon
Fedhas
Gozag
Hepliaklqana
Kikubaaqudgha
Makhleb
Nemelex Xobeh
Okawaru
Qazlal
Ru
Sif Muna
Trog
Uskayaw
Vehumet
Wu Jian
Xom
Yredelemnul
Zin
The Shining One

Shops:
D:5 *   D:7 !

Annotations:
D:3 1 runed door
D:8 Amon001's ghost, novice GnWr


Innate Abilities, Weirdness & Mutations

You are too large for most types of armour.
You have claws for hands.
Your metabolism is lightning-fast.
You like to eat raw meat.
Your natural rate of healing is unusually fast.
You are covered in fur. (AC +1)
You have very tough skin. (AC +2)
You have sharp toenails.
Your mind is acute. (Int +2)
You have an increased reservoir of magic. (+10% MP)
You occasionally shout uncontrollably at your foes.


Message History

You are more poisoned.
You claw Amon001's ghost! Your kick misses Amon001's ghost.
Amon001's ghost is severely damaged.
You feel sick. Amon001's ghost misses you.
Unknown command.
You scratch Amon001's ghost.
Amon001's ghost is severely damaged.
You feel sick.
You claw Amon001's ghost! Your kick misses Amon001's ghost.
Amon001's ghost is almost destroyed.
You feel sick. Amon001's ghost hits you!
* * * LOW HITPOINT WARNING * * *
You are lethally poisoned!
It was a potion of cancellation.
You feel magically purged.
* * * LOW HITPOINT WARNING * * *
You feel sick. Amon001's ghost hits you!
* * * LOW HITPOINT WARNING * * *
You are more poisoned.
Okay, then.
You die...

...... ...##...........
......##...............
.....#...####..........
#...## #....##...#
#..### #.#########
#....###.# #W##...#.#
#.####.W.# #@# ###.##
#<# #..###### #......#
##?.....# #####>..
#.#†...# ..... #.#....#
####### .......#
##.#....# #.#....#
#.######


You could see Amon001's ghost.

Vanquished Creatures
  The ghost of diana the Insei, a novice GnTm of Ashenzari (D:5)
  Grinder (D:3)
  A hippogriff (D:8)
  Menkaure (D:6)
  2 ice beasts (D:6)
  An orc warrior (D:7)
  A sky beast (D:6)
  6 ogres
  A phantom (D:5)
  4 centaurs
  2 bullfrogs (D:6)
  3 scorpions
  A howler monkey (D:5)
  A quasit (D:7)
  A bullfrog zombie (D:6)
  A centaur zombie (D:5)
  3 hounds
  3 orc wizards
  2 centaur skeletons
  Jessica (D:3)
  An iguana (D:5)
  Natasha (thrice) (D:3)
  4 worker ants
  A killer bee zombie (D:7)
  A worker ant zombie (D:7)
  4 gnolls (D:6)
  A howler monkey skeleton (D:4)
  7 adders
  2 shadow imps
  An ooze (D:1)
  An adder skeleton (D:6)
  4 worms
  2 dart slugs
  5 leopard geckos
  8 orcs
  6 bats
  3 giant cockroaches
  5 goblins
  9 hobgoblins
  10 jackals
  11 kobolds
  2 quokkas
  2 ball pythons
  4 frilled lizards
  A leopard gecko skeleton (D:4)
  6 rats
  2 fungi (D:3)
143 creatures vanquished.

Notes
Turn   | Place    | Note
-------+----------+-------------------------------------------
     0 | D:1      | vatarom the Troll Monk began the quest for the Orb.
     0 | D:1      | Reached XP level 1. HP: 22/22 MP: 0/0
   250 | D:1      | Reached XP level 2. HP: 29/29 MP: 1/1
   737 | D:1      | Reached skill level 3 in Dodging
  1344 | D:2      | Reached XP level 3. HP: 36/36 MP: 2/2
  1421 | D:2      | Found a radiant altar of Vehumet.
  1639 | D:2      | Found a sacrificial altar of Ru.
  1643 | D:2      | Reached XP level 4. HP: 44/44 MP: 3/3
  1824 | D:2      | Found a shattered altar of Ashenzari.
  2171 | D:3      | Noticed Natasha
  2177 | D:3      | Killed Natasha
  2177 | D:3      | Reached skill level 4 in Dodging
  2188 | D:3      | Noticed Jessica
  2189 | D:3      | Found a burning altar of Makhleb.
  2193 | D:3      | Found a bloodstained altar of Trog.
  2200 | D:3      | Killed Jessica
  2200 | D:3      | Reached XP level 5. HP: 49/50 MP: 4/4
  2363 | D:3      | Found a runed door.
  2580 | D:3      | Noticed Grinder
  2598 | D:3      | Paralysed by something for 4 turns
  2602 | D:3      | HP: 1/50 [something (7)]
  2629 | D:3      | Noticed Natasha
  2643 | D:3      | Killed Natasha
  2965 | D:3      | Paralysed by Grinder for 5 turns
  2974 | D:3      | Killed Grinder
  2974 | D:3      | Reached skill level 5 in Dodging
  2974 | D:3      | Reached XP level 6. HP: 38/59 MP: 5/5
  3157 | D:3      | Noticed Natasha
  3161 | D:3      | Killed Natasha
  3334 | D:4      | Reached skill level 5 in Unarmed Combat
  3402 | D:4      | Reached XP level 7. HP: 31/66 MP: 6/6
  3857 | D:4      | Found an opulent altar of Gozag.
  3914 | D:4      | Reached skill level 6 in Dodging
  4126 | D:5      | Entered Level 5 of the Dungeon
  4126 | D:5      | Found a hazy altar of Hepliaklqana.
  4230 | D:5      | Noticed diana's ghost (novice GnTm)
  4233 | D:5      | Found a deep blue altar of Sif Muna.
  4250 | D:5      | Gained mutation: You have an increased reservoir of magic. (+10% MP) [potion of mutation]
  4250 | D:5      | Gained mutation: You have sharp toenails. [potion of mutation]
  4250 | D:5      | Gained mutation: You occasionally shout uncontrollably at your foes. [potion of mutation]
  4250 | D:5      | Gained mutation: Your mind is acute. (Int +2) [potion of mutation]
  4268 | D:5      | Killed diana's ghost
  4268 | D:5      | Reached skill level 7 in Dodging
  4268 | D:5      | Reached XP level 8. HP: 41/74 MP: 7/7
  4530 | D:5      | Found Vuimmysar's Assorted Antiques.
  4699 | D:5      | Found a staircase to the Ecumenical Temple.
  4705 | Temple   | Entered the Ecumenical Temple
  5204 | D:6      | Reached skill level 8 in Dodging
  5365 | D:6      | Found a stormy altar of Qazlal.
  5606 | D:6      | Reached XP level 9. HP: 14/80 MP: 8/8
  5682 | D:6      | Noticed Menkaure
  5723 | D:6      | Killed Menkaure
  5841 | D:6      | Reached skill level 9 in Dodging
  6431 | D:7      | Found Hacs's Distillery.
  6859 | D:8      | Found a blossoming altar of Fedhas.
  6912 | D:8      | Noticed Amon001's ghost (novice GnWr)
  6937 | D:8      | HP: 2/80 [Amon001's ghost (14)]
  6938 | D:8      | Succumbed to Amon001's ghost's poison

Skill      XL: |  1  2  3  4  5  6  7  8  9 |
---------------+----------------------------+-----
Dodging        | 3 4 5 7 8 9 |  9.8
Unarmed Combat | 4 5 6 7 8 |  8.5
Fighting       | |  2.4
Stealth        | |  1.0

Action                   |  1- 3 |  4- 6 |  7- 9 || total
-------------------------+-------+-------+-------++-------
Melee: Unarmed           |    90 |   110 |   237 ||   437
       Punch             |     1 |     1 |     4 ||     6
       Kick              |       |       |    52 ||    52
  Use: Scroll            |     3 |     6 |     5 ||    14
       Potion            |       |     4 |     5 ||     9
 Stab: Sleeping          |     3 |       |     4 ||     7
       Invisible         |       |     1 |       ||     1
       Paralysed         |       |     1 |       ||     1
       Distracted        |       |       |     1 ||     1
  Eat: Chunk             |    17 |    10 |    38 ||    65
       Ration            |     1 |       |       ||     1
Armor: Robe              |    36 |    19 |    45 ||   100
Dodge: Dodged            |    52 |    44 |   148 ||   244
